 Dungeon Crawl Stone Soup version 0.29-a0-717-g6dac4ea423 (webtiles) character file.

Game seed: 727917447173518463

2 blackman the Sneak (level 1, -2/18 HPs)
             Began as a Human Delver on June 26, 2022.
             Slain by an orc
             ... wielding a +0 whip
              (3 damage)
             ... on level 6 of the Dungeon.
             The game lasted 00:01:39 (157 turns).

blackman the Sneak (Human Delver)                    Turns: 157, Time: 00:01:40

Health: -2/18      AC:  3    Str: 12    XL:     1   Next: 33%
Magic:  1/1        EV: 12    Int: 10    God:
Gold:   0          SH:  0    Dex: 14    Spells: 0/0 levels left

rFire   . . .      SeeInvis .   a - +0 hand axe
rCold   . . .      Faith    .   (no shield)
rNeg    . . .      Spirit   .   b - +0 leather armour
rPois   .          Reflect  .   (no helmet)
rElec   .          Harm     .   (no cloak)
rCorr   .          Rampage  .   (no gloves)
Will    .....                   (no boots)
Stlth   +++.......              (no amulet)
HPRegen 0.06/turn               (no ring)
MPRegen 0.07/turn               (no ring)

@: no status effects
A: no striking features
a: no special abilities


You were on level 6 of the Dungeon.
You visited 1 branch of the dungeon, and saw 2 of its levels.

Inventory:

Hand Weapons
 a - a +0 hand axe (weapon)
Missiles
 i - 6 poisoned darts (quivered)
Armour
 b - a +0 leather armour (worn)
Wands
 g - a wand of digging (2)
Scrolls
 c - a scroll of fog
 d - a scroll of blinking {unknown}
 e - a scroll of fear
 h - a scroll of identify {unknown}
Potions
 f - a potion of haste


   Skills:
 - Level 3.0 Fighting
 + Level 2.2 Axes
 - Level 2.0 Dodging
 - Level 5.0 Stealth


You couldn't memorise any spells.
You didn't know any spells.
Your spell library was empty.

Dungeon Overview and Level Annotations

Branches:
Dungeon (6/15)
 Temple: D:4-7

Altars:


Message History

There is an open door here.
You close the door.
You barely miss the orc. The orc barely misses you.
You barely miss the orc. The orc misses you. The orc barely misses you.
You slash the orc!
You kill the orc!
No target in view!
No target in view!
Things that are here:
a +0 hand axe; a +0 leather armour An orc comes into view.
It is wielding a +0 whip.
The orc attacks as you move away! The orc misses you.
You hit the orc.
The orc is severely wounded.
The orc drinks a potion.
The orc is healed!
You barely miss the orc. The orc closely misses you.
You hit the orc.
The orc is moderately wounded.
The orc hits you with a +0 whip.
You closely miss the orc.
The orc is moderately wounded.
The orc hits you with a +0 whip. x2
You closely miss the orc.
The orc is moderately wounded.
The orc hits you with a +0 whip.
* * * LOW HITPOINT WARNING * * *
You closely miss the orc.
The orc is moderately wounded.
The orc hits you with a +0 whip.
* * * LOW HITPOINT WARNING * * *
You hit the orc.
The orc is moderately wounded.
The orc barely misses you.
You hit the orc but do no damage.
The orc is moderately wounded.
The orc misses you.
You closely miss the orc.
The orc is moderately wounded.
The orc hits you with a +0 whip.
You die...

# ... ....###
!......#####
.......+.).######
.......###.o@...#
.......#........#
.......#.##.....#
##.....#.#......+
#.......#......#
#.....#.#.....##
+.J...#.#.....#
#.....#.#.....#
........#.....##


You could see an orc.

Vanquished Creatures
  An orc (D:6)
1 creature vanquished.

Notes
Turn   | Place    | Note
-------+----------+-------------------------------------------
     0 | D:5      | blackman the Human Delver began the quest for the Orb.
     0 | D:5      | Reached XP level 1. HP: 18/18 MP: 1/1
     7 | D:6      | Noticed a howler monkey
     8 | D:6      | Noticed a water moccasin
    82 | D:6      | Noticed a scorpion
   101 | D:6      | Noticed a bullfrog
   113 | D:6      | Noticed a gnoll sergeant
   139 | D:6      | Noticed a jelly
   157 | D:6      | Slain by an orc

Illustrated notes

Levels and vault maps discovered:
D:5:      layout_loops_corners, gammafunk_ghost_icy,
          nicolae_ossuary_entry_monument, chequers_serial_rivers_micro_b,
          st_stairs_10, minmay_shop_damaged, uniq_duvessa
D:6:      layout_basic, kennysheep_generic_room_9

Action                   || total
-------------------------++-------
Melee: Hand axe          ||    12
Evoke: Wand              ||     1
  Use: Scroll            ||     1
Dodge: Dodged            ||     7

Table legend: (Time is in decaauts)
 A = Elapsed time spent in this place.
 B = Non-inter-level travel time spent in this place.
 C = Inter-level travel time spent in this place.
 D = Time resting spent in this place.
 E = Time spent auto-exploring this place.
 F = Levels seen in this place.
 G = Mean time per level.
                   A        B        C        D        E       F      G
               +--------+--------+--------+--------+--------+-----+--------+
         Total |    159 |    118 |     41 |      0 |      0 |   2 |   79.5 |
       Dungeon |    159 |    118 |     41 |      0 |      0 |   2 |   79.5 |
               +--------+--------+--------+--------+--------+-----+--------+

Top non-repeatable levels by time:
     D:6: 111 daAuts
     D:5: 47 daAuts
